 Dungeon Crawl Stone Soup version 0.22-a0-135-g6f012ad (webtiles) character file.

273 KristoblXynda the Ruffian (level 6, -6/53 HPs)
             Began as a Draconian Monk on Jan 31, 2018.
             Was a Believer of Nemelex Xobeh.
             Mangled by an ogre
             ... wielding a +0 giant club
              (15 damage)
             ... on level 4 of the Dungeon.
             The game lasted 00:05:48 (4038 turns).

KristoblXynda the Ruffian (Draconian Monk)          Turns: 4038, Time: 00:05:48

Health: -6/53      AC:  9    Str: 14    XL:     6   Next: 3%
Magic:  6/6        EV: 14    Int: 12    God:    Nemelex Xobeh [**....]
Gold:   201        SH:  3    Dex: 13    Spells: 5/5 levels left

rFire    . . .     SeeInvis .     - Unarmed
rCold    . . .     Gourm    .   (no shield)
rNeg     . . .     Faith    .   (armour unavailable)
rPois    .         Spirit   .   (helmet restricted)
rElec    .         Reflect  +   (no cloak)
rCorr    .         Harm     .   m - +2 pair of gloves
MR       .....                  (no boots)
Stlth    ++........             q - +3 amulet of reflection
HPRegen  0.17/turn              (no ring)
MPRegen  0.10/turn              (no ring)

@: no status effects
A: unfitting armour, cold-blooded, AC +6
a: Renounce Religion


You were on level 4 of the Dungeon.
You worshipped Nemelex Xobeh.
Nemelex Xobeh was pleased with you.
You were not hungry.

You visited 1 branch of the dungeon, and saw 4 of its levels.

You collected 201 gold pieces.

Inventory:

Hand Weapons
 d - a +0 dagger of holy wrath
Missiles
 c - 5 javelins (quivered)
Armour
 m - a +2 pair of gloves (worn)
Jewellery
 q - a +3 amulet of reflection (around neck)
Wands
 o - a wand of enslavement (1)
Scrolls
 b - a scroll of fear
 e - a scroll of magic mapping {unknown}
 f - a scroll of remove curse
 g - a scroll of enchant weapon {unknown}
 k - 2 scrolls of teleportation {unknown}
 l - 2 scrolls of fog {unknown}
Potions
 h - a potion of cancellation
 j - a potion of brilliance
 n - 2 potions of curing
 t - a potion of might
Miscellaneous
 r - a plain deck of summoning {drawn: 2}
 s - a plain deck of summoning
Comestibles
 a - 7 rations


   Skills:
 + Level 4.6 Fighting
 + Level 3.8 Dodging
 - Level 1.7 Stealth
 * Level 5.2 Unarmed Combat


You had 5 spell levels left.
You didn't know any spells.

Dungeon Overview and Level Annotations

Branches:
Dungeon (4/15)
 Temple: D:4-7

Altars:
Nemelex Xobeh
Wu Jian

Annotations:
D:3 1 runed door
D:4 KristoblXynda's ghost, amateur NaMo


Innate Abilities, Weirdness & Mutations

Your plain brown scales are hard. (AC +6)
You cannot fit into any form of body armour.
You are cold-blooded and may be slowed by cold attacks.


Message History

Evoke which item? (* to show all) (? for menu, Esc to quit)
You draw a card...
It is the Illusion.
Suddenly you stand beside yourself. What are your orders? t - Shout!
Orders for allies: a - Attack new target. p - Attack previous target. r - Retreat! s - Stop attacking. g - Guard the area. f - Follow me.
Anything else - Cancel.
Gang up on whom?
Press: ? - help, Dir - move target cursor, f/p - ogre
Aim: an ogre, wielding a giant club (purple smoke, heavily wounded) Attack!
You barely miss the ogre.
The ogre is heavily wounded.
KristoblXynda's illusion hits the ogre.
The ogre barely misses you.
You punch the ogre!
The ogre is severely wounded.
KristoblXynda's illusion hits the ogre.
The ogre hits you with a giant club!
You die...
Your body glows slightly and disappears.

.##.#..............####
.....................w.
....#..............#
....#.####....#.####
...##.# #....#.#
......# #....#.#
#..#.## #....#.##
#..#.## #....#@O##
.<....# #......@.#
##.#..# ##...##.##
...#..## ######.#
...........# #.#
##.##.###... ..#
............ ..#
..........# ..#
..........# ....
>.........# ###.


You could see an ogre and the friendly KristoblXynda's illusion.

Vanquished Creatures
  The ghost of KristoblXynda the Ruffian, a weakling DrMo (D:3)
  A jelly (D:4)
  An orc priest (D:3)
  Ijyb (D:3)
  3 gnolls
  3 adders
  A leopard gecko (D:4)
  8 orcs (D:3)
  A ball python (D:1)
  2 bats (D:2)
  5 giant cockroaches
  12 goblins
  6 hobgoblins
  A quokka (D:3)
  3 frilled lizards
  9 kobolds
  A leopard gecko skeleton (D:4)
  8 rats
67 creatures vanquished.

Vanquished Creatures (collateral kills)
  A worker ant (D:4)
1 creature vanquished.

Vanquished Creatures (others)
  A hobgoblin (D:3)
1 creature vanquished.

Grand Total: 69 creatures vanquished

Notes
Turn   | Place    | Note
-------+----------+-------------------------------------------
     0 | D:1      | KristoblXynda the Draconian Monk began the quest for the Orb.
     0 | D:1      | Reached XP level 1. HP: 19/19 MP: 1/1
   595 | D:1      | Reached XP level 2. HP: 24/26 MP: 2/2
  1087 | D:2      | Reached XP level 3. HP: 24/33 MP: 3/3
  1633 | D:3      | Reached skill level 4 in Unarmed Combat
  1683 | D:3      | Noticed KristoblXynda's ghost (weakling DrMo)
  1726 | D:2      | Reached XP level 4. HP: 11/40 MP: 4/4
  2069 | D:3      | Found an ornate altar of the Wu Jian Council.
  2275 | D:3      | Noticed Ijyb
  2326 | D:3      | Killed Ijyb
  2355 | D:3      | HP: 2/40 [KristoblXynda's ghost (9)]
  2389 | D:3      | HP: 2/40 [KristoblXynda's ghost (4)]
  2390 | D:3      | Killed KristoblXynda's ghost
  2390 | D:3      | Reached XP level 5. HP: 3/47 MP: 5/5
  2642 | D:3      | Found a runed door.
  2993 | D:3      | Reached skill level 5 in Unarmed Combat
  3731 | D:4      | Found a sparkling altar of Nemelex Xobeh.
  3750 | D:4      | Became a worshipper of Nemelex Xobeh the Trickster
  3750 | D:4      | Received a gift from Nemelex Xobeh
  3750 | D:4      | Reached * piety under Nemelex Xobeh
  3750 | D:4      | Reached ** piety under Nemelex Xobeh
  3750 | D:4      | Received a gift from Nemelex Xobeh
  3988 | D:4      | Noticed KristoblXynda's ghost (amateur NaMo)
  4003 | D:4      | Noticed an ogre
  4027 | D:4      | Reached XP level 6. HP: 7/53 MP: 6/6
  4038 | D:4      | Mangled by an ogre

Vault maps used:
D:1:      lightli_arrival_lavapool
D:3:      corexii_shack_village, nicolae_overflow_hidden_temple, first_ration,
          uniq_ijyb, uniq_crazy_yiuf_cottage
D:4:      nemelex_xobeh_ov_fountains_minmay, minmay_temple_entry_statues,
          st_stairs_3

Skill      XL: |  1  2  3  4  5 |
---------------+----------------+-----
Dodging        | 3 |  3.8
Unarmed Combat | 4 5 |  5.2
Fighting       | 4 |  4.6
Stealth        | |  1.7

Action                   |  1- 3 |  4- 6 || total
-------------------------+-------+-------++-------
Melee: Unarmed           |   112 |   160 ||   272
       Tailslap          |     9 |    19 ||    28
       Punch             |     1 |     3 ||     4
Throw: Javelin           |     4 |       ||     4
Evoke: Deck              |       |     2 ||     2
       Wand              |       |     1 ||     1
  Use: Potion            |     3 |     4 ||     7
       Scroll            |       |     6 ||     6
 Stab: Sleeping          |     3 |     4 ||     7
  Eat: Chunk             |     2 |     2 ||     4
       Ration            |       |     2 ||     2
Armor: Skin              |    24 |    36 ||    60
Dodge: Dodged            |    74 |   105 ||   179

Table legend:
 A = Spawn XP
 B = Non-spawn XP
 C = Spawn XP percentage of total XP
 D = Spawn monster count
 E = Non-spawn monster count
 F = Spawn count percentage of total count
 G = Total turns spent on level
                    A         B        C        D         E        F      G
               +---------+---------+-------+---------+---------+-------+---------
         Total |       0 |     391 |   0.0 |       0 |      69 |   0.0 |  4038
               +---------+---------+-------+---------+---------+-------+---------
           D:1 |       0 |      17 |   0.0 |       0 |      11 |   0.0 |   802
           D:2 |       0 |      55 |   0.0 |       0 |      13 |   0.0 |  1122
           D:3 |       0 |     241 |   0.0 |       0 |      40 |   0.0 |  1784
           D:4 |       0 |      78 |   0.0 |       0 |       5 |   0.0 |   330
               +---------+---------+-------+---------+---------+-------+---------
